 Dungeon Crawl Stone Soup version 0.30.1-11-g7821555f0a (webtiles) character file.

Game seed: 3106073776578972215

399 Okkudo the Chopper (level 6, -4/57 HPs)
             Began as a Hill Orc Monk on Dec 6, 2023.
             Slain by Menkaure (8 damage)
             ... on level 4 of the Dungeon.
             The game lasted 00:07:11 (2177 turns).

Okkudo the Chopper (Hill Orc Monk)                  Turns: 2177, Time: 00:07:12

Health: -4/57      AC:  6    Str: 16    XL:     6   Next: 84%
Magic:  6/6        EV: 10    Int: 10    God:
Gold:   134        SH:  0    Dex: 13    Spells: 5/5 levels left

rFire   . . .        a - +0 hand axe
rCold   . . .        d - orb {light}
rNeg    . . .        t - +0 scale mail
rPois   .            (no helmet)
rElec   .            (no cloak)
rCorr   .            (no gloves)
SInv    .            (no boots)
Will    .....        p - amulet of regeneration Stlth
                     (no ring)
HPRegen 1.09/turn    (no ring)
MPRegen 0.10/turn

%: no passive effects
@: glowing
A: no striking features
a: no special abilities


You were on level 4 of the Dungeon.
You visited 1 branch of the dungeon, and saw 4 of its levels.

You collected 134 gold pieces.

Inventory:

Hand Weapons
 a - a +0 hand axe (weapon)
Missiles
 e - 5 silver javelins (quivered)
Armour
 d - an orb of light (worn)
 t - a +0 scale mail (worn)
Jewellery
 k - a ring of magical power
 p - an amulet of regeneration (around neck)
 r - a ring of wizardry
Wands
 l - a wand of paralysis (11)
Scrolls
 b - a scroll of poison {unknown}
 g - 2 scrolls of enchant armour {unknown}
 i - 2 scrolls of teleportation {unknown}
 m - a scroll of fog {unknown}
 o - a scroll of blinking {unknown}
 q - 2 scrolls of identify {unknown}
Potions
 h - 2 potions of heal wounds {unknown}
 j - 2 potions of degeneration {unknown}
 n - a potion of lignification {unknown}
 s - a potion of might {unknown}


   Skills:
 + Level 5.9 Fighting
 * Level 7.1 Axes
 - Level 3.6 Dodging


You had 5 spell levels left.
You didn't know any spells.
Your spell library was empty.

Dungeon Overview and Level Annotations

Branches:
Dungeon (4/15)
 Temple: D:4-7

Altars:
Xom

Annotations:
D:4 Menkaure


Message History

Menkaure closely misses you.
You hit Menkaure.
Menkaure is moderately damaged.
Menkaure hits you!!
You hit Menkaure.
Menkaure is heavily damaged.
You hit Menkaure.
Menkaure is severely damaged.
Menkaure calls on the powers of darkness!
Your body is wracked with pain!
You are confused.
You feel invigorated. Menkaure closely misses you.
Menkaure calls on the powers of darkness!
Your body is wracked with pain!
Menkaure hits you but does no damage.
You barely miss Menkaure.
Menkaure is severely damaged.
You feel less invigorated.
You feel less confused.
You hit Menkaure but do no damage.
Menkaure is severely damaged.
Menkaure barely misses you.
You hit Menkaure.
Menkaure is severely damaged.
Menkaure hits you!
You slash Menkaure!
Menkaure is almost destroyed.
You hit Menkaure but do no damage.
Menkaure is almost destroyed.
Menkaure calls on the powers of darkness!
Your body is wracked with pain!
* * * LOW HITPOINT WARNING * * *
You hit Menkaure but do no damage.
Menkaure is almost destroyed.
Menkaure hits you!
* * * LOW HITPOINT WARNING * * *
You hit Menkaure but do no damage.
Menkaure is almost destroyed.
Menkaure hits you!
You die...

#########
#.8.#..(#
#..@M.8.#
#...#...#
##.###.##
#.. ..#
+.. .#
#.. .#
### #


You could see Menkaure.

Vanquished Creatures
  Sigmund (D:2)
  2 jellies (D:3)
  Terence (D:2)
  2 orc wizards (D:3)
  2 adders (D:3)
  3 gnolls (D:3)
  2 worms (D:3)
  3 dart slugs
  4 orcs (D:3)
  4 bats
  2 endoplasms
  A giant cockroach (D:1)
  4 goblins
  9 hobgoblins
  3 quokkas
  3 ball pythons
  A frilled lizard (D:1)
  3 kobolds (D:1)
  4 rats
54 creatures vanquished.

Vanquished Creatures (others)
  A goblin (D:3)
1 creature vanquished.

Grand Total: 55 creatures vanquished

Notes
Turn   | Place    | Note
-------+----------+-------------------------------------------
     0 | D:1      | Okkudo the Hill Orc Monk began the quest for the Orb.
     0 | D:1      | Reached XP level 1. HP: 19/19 MP: 1/1
   117 | D:1      | Reached XP level 2. HP: 27/27 MP: 2/2
   391 | D:1      | Found a faded altar of an unknown god.
   411 | D:1      | Reached XP level 3. HP: 33/33 MP: 3/3
   848 | D:2      | Noticed Sigmund
   864 | D:2      | Killed Sigmund
   865 | D:2      | Reached skill level 5 in Fighting
   865 | D:2      | Reached skill level 5 in Axes
   865 | D:2      | Reached XP level 4. HP: 38/42 MP: 4/4
   865 | D:2      | Reached XP level 5. HP: 43/48 MP: 5/5
   942 | D:2      | Noticed Terence
   959 | D:2      | Killed Terence
  1280 | D:3      | Reached XP level 6. HP: 56/56 MP: 6/6
  1342 | D:3      | Reached skill level 6 in Axes
  1999 | D:3      | Reached skill level 7 in Axes
  2034 | D:3      | Found a shimmering altar of Xom.
  2160 | D:4      | Noticed Menkaure
  2177 | D:4      | Slain by Menkaure

Illustrated notes

Levels and vault maps discovered:
D:1:      doesnt_arrival_eight_statues, layout_loops_cross,
          shapermc_ecumenical_altar_venn, minmay_cut_off
D:2:      layout_rooms, uniq_terence, uniq_sigmund
D:3:      layout_basic, dk_xom_monty_hall, minmay_misc_feat_room,
          kennysheep_generic_room_15
D:4:      layout_loops_ring, nicolae_wu_jian_immortal_techniques, uniq_menkaure

Skill      XL: |  1  2  3  4  5  6 |
---------------+-------------------+-----
Fighting       | 4 5 |  5.9
Axes           | 5 7 |  7.1
Dodging        | 3 |  3.6

Action                     |  1- 3 |  4- 6 || total
---------------------------+-------+-------++-------
  Melee: Hand axe          |    52 |   109 ||   161
  Throw: Javelin           |     3 |     5 ||     8
    Use: Potion            |       |     1 ||     1
 Armour: Ring mail         |    22 |    19 ||    41
         Scale mail        |       |     2 ||     2
  Dodge: Dodged            |    31 |    66 ||    97
